 Dungeon Crawl Stone Soup version 0.20-a0-1116-gaa52201 (webtiles) character file.

623701 mukkel the Executioner (level 27, -4/249 HPs)
             Began as a Formicid Fighter on May 7, 2017.
             Was an Initiate of Gozag.
             Killed from afar by an orb of fire (41 damage)
             ... with a fireball
             ... on level 5 of the Realm of Zot.
             The game lasted 04:27:03 (55779 turns).

mukkel the Executioner (Formicid Fighter)          Turns: 55779, Time: 04:27:03

Health: -4/249     AC: 42    Str: 46    XL:     27
Magic:  0/29       EV: 23    Int:  4    God:    Gozag
Gold:   7299       SH: 33    Dex: 21    Spells: 26/26 levels left

rFire    + . .     SeeInvis +   k - +9 executioner's axe (vamp) {!w}
rCold    . . .     Gourm    .   Q - +7 large shield
rNeg     . . .     Faith    .   L - +15 Maxwell's patent armour {-Cast -Tele rElec MR+ rCorr}
rPois    +         Spirit   +   (helmet unavailable)
rElec    +         Reflect  .   M - scarf {Spirit}
rCorr    +         Harm     .   j - +1 pair of gloves of Loatev {Dex+4}
MR       ++++.     NoCast   +   n - +2 pair of boots "Mooxuar" {Str+8 Int-5}
Stlth    ..........             o - amulet of regeneration {+regen, !d}
Regen    1.0/turn               g - ring "Ecliosut" {MR+ Slay+5}
MPRegen  0.3/turn               C - ring of the Thirsty Wishes {rPois rF+ Str+7 Dex+3 Stlth+}

@: studying Stealth
A: permanent stasis, dig shafts and tunnels, four strong arms, antennae 3,
rugged brown scales 1, agile 1, blurry vision 2, low mp 1
}: 3/15 runes: decaying, silver, gossamer
a: Dig, Shaft Self, Potion Petition, Call Merchant, Bribe Branch, Renounce
Religion


You were on level 5 of the Realm of Zot.
You worshipped Gozag.
Gozag was greatly pleased with you.
You were full.

You visited 10 branches of the dungeon, and saw 50 of its levels.
You visited the Abyss 1 time.
You visited 2 bazaars.
You also visited: Labyrinth, Trove, Ice Cave and Wizlab.

You collected 32347 gold pieces.
You spent 12696 gold pieces at shops.
You paid 12352 gold pieces to Gozag.

Inventory:

Hand Weapons
 a - a +9 executioner's axe of chopping
   (You acquired it on level 2 of the Lair of Beasts)
 b - a +3 executioner's axe of flaming
   (You acquired it on level 14 of the Dungeon)
 k - a +9 vampiric executioner's axe (weapon) {!w}
   (You acquired it on level 3 of the Elven Halls)
Armour
 j - the +1 pair of gloves of Loatev (worn) {Dex+4}
   (You bought it in a shop on level 2 of the Elven Halls)

   It affects your dexterity (+4).
 n - the +2 pair of boots "Mooxuar" (worn) {Str+8 Int-5}
   (You bought it in a shop on level 2 of the Elven Halls)

   It affects your strength (+8).
   It affects your intelligence (-5).
 L - the +15 Maxwell's patent armour (worn) {-Cast -Tele rElec MR+ rCorr}
   (You bought it in a shop on level 2 of the Orcish Mines)

   It insulates you from electricity.
   It affects your resistance to hostile enchantments.
   It prevents spellcasting.
   It prevents most forms of teleportation.
   It protects you from acid and corrosion.
 M - a scarf of spirit shield (worn)
   (You found it on level 3 of the Elven Halls)
 Q - a +7 large shield (worn)
   (You found it on level 4 of the Swamp)
Jewellery
 c - the ring of Kanorec {MR+ Slay+3}
   (You bought it in a shop on level 2 of the Elven Halls)

   [ring of protection from magic]

   It affects your accuracy and damage with ranged weapons and melee attacks
   (+3).
   It affects your resistance to hostile enchantments.
 e - an uncursed ring of ice {rC+, rF-}
   (You found it on level 1 of the Dungeon)
 g - the ring "Ecliosut" (left hand) {MR+ Slay+5}
   (You bought it in a shop on level 1 of the Depths)

   [ring of protection from magic]

   It affects your accuracy and damage with ranged weapons and melee attacks
   (+5).
   It affects your resistance to hostile enchantments.
 o - an amulet of regeneration (around neck) {+regen, !d}
   (You found it on level 1 of the Dungeon)
 C - the ring of the Thirsty Wishes (right hand) {rPois rF+ Str+7 Dex+3 Stlth+}
   (You acquired it on level 1 of the Vaults)

   [ring of protection from fire]

   It affects your strength (+7).
   It affects your dexterity (+3).
   It protects you from fire.
   It protects you from poison.
   It makes you more stealthy.
 E - the ring of Hikhlinnia {rCorr rF++}
   (You took it off a minotaur in a labyrinth)

   [ring of resist corrosion]

   It greatly protects you from fire.
 G - an uncursed ring of flight {+Fly, !d}
   (You found it in an ice cave)
 O - the amulet of Jiehiwk {Gourm Str+5 Slay+3 Stlth-}
   (You bought it in a shop on level 2 of the Elven Halls)

   [amulet of the gourmand]

   It allows you to eat raw meat even when not hungry.
   It affects your strength (+5).
   It affects your accuracy and damage with ranged weapons and melee attacks
   (+3).
   It makes you less stealthy.
 T - the ring of Qaacha {rPois rN+ Int+5}
   (You took it off a deep elf demonologist on level 2 of the Elven Halls)

   [ring of poison resistance]

   It affects your intelligence (+5).
   It protects you from poison.
   It protects you from negative energy.
 X - an uncursed ring of positive energy {rN+}
   (You found it on level 14 of the Dungeon)
Scrolls
 h - 2 scrolls of enchant armour
 p - 7 scrolls of magic mapping {!r}
 s - a scroll of enchant weapon
 t - 7 scrolls of fear
 u - 3 scrolls of brand weapon
 w - 30 scrolls of identify
 y - 3 scrolls of torment {!r}
 B - 18 scrolls of remove curse
 H - 10 scrolls of recharging
 I - 10 scrolls of amnesia
 J - 4 scrolls of silence
 S - a scroll of holy word {!r}
 V - 2 scrolls of summoning
Potions
 d - 7 potions of might
 l - 3 potions of brilliance
 m - 11 potions of heal wounds
 q - 8 potions of curing
 r - 4 potions of magic
 v - 12 potions of lignification {!q}
 z - 6 potions of cancellation
 D - a potion of resistance
 F - 11 potions of flight
 U - 8 potions of invisibility
 W - 7 potions of agility
Books
 x - a book of the Warp
   (You found it on level 5 of the Depths)
 N - a manual of Stealth {!d}
   (You found it in a treasure trove)
 P - a book of Party Tricks
   (You found it on level 3 of the Lair of Beasts)
Miscellaneous
 K - a box of beasts
 R - a phantom mirror
 Z - a crystal ball of energy
   (You found it on level 5 of the Depths)
Comestibles
 f - 47 bread rations {@e1@e1}
 i - 21 meat rations {@e2@e2}
 A - 12 royal jellies
 Y - 53 fruits


   Skills:
 + Level 25.0 Fighting
 * Level 26.3 Axes
 + Level 21.9 Armour
 + Level 16.2 Dodging
 + Level 3.0 Stealth
 - Level 16.9 Shields
 - Level 12.5 Evocations


You had 26 spell levels left.
You didn't know any spells.

Dungeon Overview and Level Annotations

Branches:
Dungeon (15/15)            Temple (1/1) D:4            Lair (6/6) D:8
  Swamp (4/4) Lair:2       Spider (4/4) Lair:3        Slime (0/5) Lair:5
    Orc (2/2) D:10            Elf (3/3) Orc:2        Vaults (5/5) D:14
  Crypt (0/3) Vaults:2     Depths (5/5) D:15            Zot (5/5) Depths:5

Altars:
Ashenzari
Dithmenos
Elyvilon
Fedhas
Gozag
Hepliaklqana
Kikubaaqudgha
Makhleb
Okawaru
Qazlal
Sif Muna
Trog
Uskayaw
Vehumet
Wu Jian
Xom
Yredelemnul
Zin
The Shining One
Jiyva

Shops:
D:5 (}   Orc:2 !(=[   Elf:2 [*[[=}=   Vaults:3 :   Vaults:5 !!   Zot:4 ((*[!
Depths:1 **(=[

Portals:
Hell: Depths:1 Depths:2* Depths:3 Depths:4 Depths:5
Abyss: Depths:3 Depths:4
Pandemonium: Depths:1 Depths:3 Depths:4 Depths:5
Ziggurat: Depths:3


Innate Abilities, Weirdness & Mutations

You cannot be hasted, slowed, berserked, paralysed or teleported.
You can dig through walls and to a lower floor.
Your four strong arms can wield two-handed weapons with a shield.
You have a pair of large antennae on your head. (SInv)
You are partially covered in rugged brown scales. (AC +1, +3% HP)
You are agile. (Dex +2)
Scrolls take you longer to read.
Your magical capacity is low. (-10% MP)


Message History

Your vision blurs.
Things that are here:
6 gold pieces; a glaive You block the death cob's attack. x2
The orb of fire is distracted by the nearby gold.
The death cob is distracted by the nearby gold.
The orb of fire is distracted by the nearby gold.
A black draconian comes into view. It is wielding a war axe.
You take 119 damage, and have 130/249 hp.
MASSIVE DAMAGE!!
You now have 15/29 mp.
You catch the helpless death cob completely off-guard!
You open the death cob like a pillowcase!!!!
You destroy the death cob!
Your Stealth skill increases to level 3!
You slice the orb of fire!! x2
The orb of fire is no longer distracted by gold.
The orb of fire glows bright magenta.
The fireball explodes!
The fireball engulfs you! You resist.
The fireball engulfs the orb of fire.
The orb of fire completely resists.
The fireball engulfs the orb of fire.
The orb of fire completely resists.
The fireball engulfs the orb of fire.
The orb of fire completely resists.
You take 38 damage, and have 92/249 hp.
You now have 11/29 mp.
The orb of fire glows bright magenta.
The bolt of fire misses you.
The orb of fire glows deep purple.
The bolt of fire hits you! You resist.
The orb of fire is distracted by the nearby gold.
The orb of fire emits a lurid red light.
The fireball explodes!
The fireball engulfs you! You resist.
* * * LOW HITPOINT WARNING * * *
The fireball engulfs the orb of fire.
The orb of fire completely resists.
The fireball engulfs the orb of fire.
The orb of fire completely resists.
The orb of fire glows bright magenta.
The fireball explodes!
The fireball engulfs you! You resist.
* * * LOW HITPOINT WARNING * * *
The fireball engulfs the orb of fire.
The orb of fire completely resists.
The fireball engulfs the orb of fire.
The orb of fire completely resists.
You hear a roar!
A purple draconian knight comes into view.
It is wielding a war axe of freezing.
You take 57 damage, and have 36/249 hp.
MASSIVE DAMAGE!!
You now have 4/29 mp.
You feel much better.
The orb of fire is no longer distracted by gold. x2
The orb of fire is distracted by the nearby gold.
The orb of fire emits a lurid red light.
The bolt of fire hits the orb of fire.
The orb of fire completely resists.
The bolt of fire hits you! You resist.
* * * LOW HITPOINT WARNING * * *
You now have 3/29 mp.
The orb of fire glows yellow.
The bolt of fire hits the orb of fire.
The orb of fire completely resists.
The orb of fire is no longer distracted by gold.
The bolt of fire misses you.
The orb of fire is distracted by the nearby gold. x3
The orb of fire emits a lurid red light.
The fireball explodes!
The fireball engulfs you! You resist.
* * * LOW HITPOINT WARNING * * *
You take 33 damage, and have 4/249 hp.
You now have 0/29 mp.
You feel much better.
The orb of fire emits a lurid red light.
The bolt of fire hits you! You resist.
* * * LOW HITPOINT WARNING * * *
You regained 5 hp, and now have 9/249 hp.
You feel much better.
The orb of fire glows yellow.
The bolt of fire hits you! You resist.
* * * LOW HITPOINT WARNING * * *
You take 6 damage, and have 3/249 hp.
Unknown command.
Unknown command.
You feel much better.
The orb of fire is no longer distracted by gold. x3
The black draconian breathes lightning at you.
The bolt of lightning hits the orb of fire.
The orb of fire completely resists.
The bolt of lightning hits the orb of fire.
The orb of fire completely resists.
The bolt of lightning misses you.
The orb of fire glows red.
The bolt of fire hits the orb of fire.
The orb of fire completely resists.
The bolt of fire misses you.
You block the purple draconian knight's attack.
You regained 29 hp, and now have 32/249 hp.
The orb of fire glows yellow.
The bolt of fire hits the orb of fire.
The orb of fire completely resists.
The bolt of fire misses you.
The orb of fire emits a lurid red light.
The fireball explodes!
The fireball engulfs you! You resist.
* * * LOW HITPOINT WARNING * * *
The fireball engulfs the orb of fire.
The orb of fire completely resists.
The fireball engulfs the orb of fire.
The orb of fire completely resists.
The fireball engulfs the orb of fire.
The orb of fire completely resists.
A shadow dragon comes into view.
You take 19 damage, and have 13/249 hp.
You feel much better.
The orb of fire glows deep purple.
The fireball explodes!
The fireball engulfs you! You resist.
You die...
Your body crumbles into a pile of gold.

.. ###.≈§≈§§≈≈≈
....
####..D.≈≈≈≈≈≈≈
....##......≈≈≈≈§≈≈
..........$....≈.≈≈
........$$....#
.##...$......#
.......$<.q.d##
.#.......***##
##......@*.#
#........##
##....#..#
##..#....
..........
#(.........#
###▓▓▓▓#####


You could see 4 orbs of fire, a shadow dragon, a purple draconian knight and a
black draconian.

Vanquished Creatures
  Mennas (Vaults:3)
  Sojobo (Vaults:4)
  Margery (Depths:3)
  Bai Suzhen (Swamp:4)
  2 Killer Klowns
  Xtahua (Depths:4)
  Saint Roka (Depths:3)
  3 curse toes
  A caustic shrike (Depths:4)
  12 golden dragons
  Nikola (Depths:2)
  Jory (Vaults:3)
  Arachne (Spider:3)
  Jorgrun (Elf:3)
  4 liches
  Rupert (D:15)
  18 tentacled monstrosities
  2 deep elf master archers (Elf:3)
  4 quicksilver dragons
  3 deep elf blademasters
  6 titans (Vaults:5)
  An eldritch tentacle (WizLab)
  6 sphinxes
  2 thorn hunters
  10 death cobs
  Kirke (Lair:5)
  2 tentacled starspawn (Abyss:2)
  Agnes (Elf:1)
  9 shadow dragons
  7 tengu reavers
  4 nagarajas (Depths:5)
  Roxanne (Elf:3)
  9 draconian monks
  19 storm dragons
  An orc warlord (D:10)
  2 iron dragons
  9 fire giants
  9 frost giants
  6 deep elf sorcerers
  3 draconian scorchers
  3 draconian knights
  8 emperor scorpions
  10 ghost moths
  14 vault wardens
  Aizul (Depths:1)
  6 draconian shifters
  7 ironheart preservers
  3 deep elf elementalists
  2 draconian stormcallers
  An angel (WizLab)
  24 stone giants
  2 vampire knights (Depths:4)
  2 war gargoyles (Vaults:5)
  4 spriggan defenders (Depths:2)
  8 draconian annihilators
  25 very ugly things
  13 black draconians
  2 reapers
  8 deep elf demonologists
  11 green draconians
  5 entropy weavers
  An entropy weaver (shapeshifter) (Vaults:5)
  10 purple draconians
  13 white draconians
  8 yellow draconians
  5 deep elf annihilators
  13 red draconians
  3 merfolk javelineers
  3 spark wasps (Depths:4)
  10 ettins
  Snorg (Lair:4)
  2 fire dragons (shapeshifter)
  15 yaktaur captains
  The ghost of Lucherd the Blocker, a journeyman FoFi of the Shining One (D:12)
  9 deep elf death magi
  A crystal guardian (Vaults:5)
  7 fire dragons
  A merfolk impaler (Depths:4)
  3 jiangshi (Depths:1)
  7 deep elf high priests
  30 vault guards
  A minotaur (Lab)
  11 great orbs of eyes
  17 hydras
  The ghost of grandjackal the Fighter, a journeyman DsFi of Qazlal (IceCv)
  11 ice dragons
  9 rakshasas
  2 spriggan air magi
  7 naga warriors (Depths:5)
  A catoblepas (Lair:6)
  An anaconda (Depths:5)
  Erica (D:9)
  3 death knights
  2 ghost crabs
  A hell beast (Depths:2)
  10 centaur warriors
  18 alligators
  42 two-headed ogres
  15 ogre magi
  5 death yaks (Lair:6)
  6 deep troll earth magi
  8 deep troll shamans
  An orc high priest (D:10)
  A vampire mage (Depths:1)
  A queen ant (Lair:2)
  5 tengu warriors
  8 spriggan berserkers
  A shock serpent (shapeshifter) (D:14)
  A soul eater (Depths:4)
  A sun demon (Depths:2)
  A thrashing horror (WizLab)
  23 deep elf knights
  A fire crab (Lair:6)
  6 iron trolls
  2 death drakes (Depths:5)
  11 hell knights
  2 shadow wraiths
  A skeletal warrior (Vaults:2)
  2 sixfirhies (Depths:4)
  16 swamp dragons
  15 deep trolls
  4 flayed ghosts
  2 unseen horrors (Vaults:1)
  3 spriggan druids (Depths:2)
  Pikel (D:7)
  2 glowing orange brains
  A swamp dragon (shapeshifter) (Vaults:5)
  16 ironbrand convokers
  6 wizards
  5 phantasmal warriors (Vaults:5)
  3 shambling mangroves
  5 harpies (Vaults:1)
  An obsidian statue (WizLab)
  3 lindwurms (Depths:5)
  5 necromancers
  24 deep elf archers
  11 orb spiders
  A mana viper (WizLab)
  3 orc sorcerers
  11 orc knights
  23 wolf spiders
  4 oklob plants (Lair:6)
  A tengu skeleton (Depths:2)
  82 deep elf magi
  5 cyclopes
  56 ugly things
  11 elephants
  A manticore (D:13)
  A frost giant zombie (Vaults:2)
  23 moths of wrath
  7 black mambas
  6 guardian serpents
  A rust devil (Zot:4)
  2 orange demons
  A spiny frog (shapeshifter) (Vaults:3)
  16 vault sentinels
  A naga mage (Depths:5)
  A water nymph (shapeshifter) (Depths:2)
  3 torpor snails
  2 ice statues (IceCv)
  17 spiny frogs
  3 gargoyles
  A rime drake (shapeshifter) (Depths:2)
  3 rime drakes
  4 ice devils
  2 kobold demonologists
  2 efreet
  18 demonic crawlers
  8 komodo dragons
  2 guardian mummies (Elf:2)
  A yaktaur skeleton (WizLab)
  3 tengu conjurers
  58 yaktaurs
  13 freezing wraiths
  A hellwing (Depths:4)
  6 polar bears
  33 jumping spiders
  6 trolls
  5 tyrant leeches
  A merfolk (shapeshifter) (Vaults:1)
  47 hornets
  2 wind drakes (Depths:5)
  A tengu simulacrum (Vaults:2)
  59 slime creatures
  Grinder (D:6)
  A hippogriff (shapeshifter) (Vaults:4)
  16 dream sheep
  6 bog bodies
  22 blink frogs
  11 hippogriffs
  A stone giant simulacrum (Vaults:2)
  A ynoxinul (WizLab)
  3 air elementals (Depths:3)
  2 shadows
  52 redbacks
  2 wraiths
  3 wyverns
  30 tarantellas
  33 spriggans
  2 vampires
  23 humans (D:14)
  24 water elementals
  A golden eye (shapeshifter) (Vaults:2)
  A yaktaur simulacrum (Vaults:2)
  A basilisk (shapeshifter) (Vaults:3)
  A hog (Lair:5)
  3 human simulacra
  61 yaks
  5 fire elementals
  5 basilisks
  12 nagas (Depths:5)
  2 steam dragons
  10 vampire mosquitoes
  A chaos spawn (WizLab)
  An elf simulacrum (Depths:2)
  3 hungry ghosts
  2 spatial vortices (WizLab)
  19 swamp worms
  Menkaure (D:7)
  8 insubstantial wisps
  A soldier ant (shapeshifter) (Vaults:1)
  9 wargs
  An acid dragon (D:15)
  5 soldier ants (Lair:2)
  14 water moccasins
  2 hell hounds (D:8)
  2 porcupines
  5 sky beasts
  2 meliai simulacra
  24 ice beasts
  18 swamp drakes
  54 orc warriors
  A necrophage (D:11)
  A sky beast (shapeshifter) (Vaults:5)
  2 black bears (Lair:6)
  An eye of draining (D:13)
  A slave (D:7)
  20 boggarts
  55 ogres
  24 wolves
  A boggart (shapeshifter) (Vaults:5)
  An eye of draining (shapeshifter) (Depths:4)
  3 phantoms
  20 centaurs
  11 crocodiles
  10 bullfrogs
  5 big kobolds
  2 gnoll sergeants
  A glowing shapeshifter simulacrum (Vaults:3)
  A small abomination (Abyss:2)
  4 earth elementals
  A scorpion (shapeshifter) (Vaults:5)
  A hornet simulacrum (D:12)
  A wyvern skeleton (D:14)
  4 scorpions
  10 killer bees
  4 electric eels
  5 wights
  5 howler monkeys
  2 bullfrog zombies
  10 crimson imps
  7 quasits
  3 jellies
  A bullfrog skeleton (D:11)
  6 centaur skeletons
  16 orc priests
  8 hounds
  An iron imp (Depths:4)
  17 orc wizards
  An iguana (D:10)
  26 worker ants
  A centaur simulacrum (D:12)
  2 hound zombies
  A hound skeleton (D:5)
  3 worker ant zombies
  14 gnolls
  21 adders
  5 shadow imps
  4 white imps
  An ufetubus (Depths:4)
  An ooze (D:4)
  An adder zombie (D:5)
  3 adder skeletons
  9 worms
  6 dart slugs (D:4)
  6 leopard geckos
  88 orcs
  4 bats
  8 giant cockroaches
  2 gnoll zombies (D:4)
  12 goblins
  6 hobgoblins
  13 jackals
  7 quokkas
  4 ball pythons
  2 frilled lizards
  24 kobolds
  A leopard gecko skeleton (D:4)
  A quokka skeleton (D:5)
  A quokka zombie (D:6)
  5 rats
  7 briar patches (Swamp:3)
  A bush (Lair:6)
  6 butterflies
  8 fungi
  12 plants
2481 creatures vanquished.

Vanquished Creatures (others)
  Asterion (Spider:4)
  A storm dragon (Zot:1)
  A deep elf sorcerer (Elf:3)
  An emperor scorpion (Spider:3)
  A red draconian (Zot:5)
  A green draconian (Zot:5)
  28 dancing weapons
  A deep elf archer (Vaults:4)
  A deep elf mage (Vaults:4)
  7 ugly things
  A moth of wrath (Zot:3)
  A tengu conjurer (Depths:3)
  2 hornets (Depths:2)
  2 blink frogs (WizLab)
  An air elemental (Elf:2)
  3 humans (Lair:5)
  A swamp worm (Swamp:4)
  A slave (D:7)
  A centaur (D:7)
  A ball lightning (Zot:1)
  A briar patch (Swamp:3)
  2 butterflies (Depths:5)
  8 fungi
  21 plants
  11 starspawn tentacles (Abyss:2)
100 creatures vanquished.

Grand Total: 2581 creatures vanquished

Notes
Turn   | Place    | Note
-------+----------+-------------------------------------------
     0 | D:1      | mukkel the Formicid Fighter began the quest for the Orb.
     0 | D:1      | Reached XP level 1. HP: 18/18 MP: 1/1
   326 | D:1      | Reached XP level 2. HP: 25/25 MP: 2/2
   346 | D:1      | Reached skill level 4 in Fighting
   625 | D:1      | Reached XP level 3. HP: 30/30 MP: 3/3
   977 | D:2      | You fall through a shaft!
  1065 | D:3      | Reached XP level 4. HP: 38/38 MP: 4/4
  1462 | D:3      | Reached skill level 5 in Fighting
  1462 | D:3      | Reached skill level 3 in Axes
  1829 | D:2      | Reached XP level 5. HP: 44/44 MP: 5/5
  2471 | D:3      | Reached skill level 6 in Fighting
  2471 | D:3      | Reached XP level 6. HP: 31/52 MP: 6/6
  2610 | D:4      | Reached skill level 4 in Axes
  2645 | D:4      | Noticed a phantom
  2667 | D:4      | Killed a phantom
  2667 | D:4      | Reached skill level 7 in Fighting
  2667 | D:4      | Reached XP level 7. HP: 60/60 MP: 7/7
  2725 | D:4      | Found a basalt altar of Yredelemnul.
  3044 | D:4      | Found a staircase to the Ecumenical Temple.
  3056 | Temple   | Entered the Ecumenical Temple
  3125 | Temple   | Became a worshipper of Gozag Ym Sagoz the Greedy
  3567 | D:5      | Entered Level 5 of the Dungeon
  3605 | D:5      | Found an iron altar of Okawaru.
  3637 | D:5      | Reached skill level 8 in Fighting
  3673 | D:5      | Found Sepigoan's Gadget Emporium.
  3677 | D:5      | Reached skill level 5 in Axes
  3677 | D:5      | Reached XP level 8. HP: 67/68 MP: 8/8
  3981 | D:5      | Reached skill level 9 in Fighting
  4013 | D:5      | Found an iron altar of Okawaru.
  4093 | D:5      | Found Ikaukh's Weapon Shop.
  4388 | D:6      | Reached skill level 6 in Axes
  4558 | D:6      | Reached XP level 9. HP: 64/78 MP: 7/9
  4580 | D:6      | Reached skill level 10 in Fighting
  5073 | D:6      | Noticed Grinder
  5083 | D:6      | Killed Grinder
  5083 | D:6      | Reached skill level 11 in Fighting
  5083 | D:6      | Reached skill level 7 in Axes
  5171 | D:6      | Gained mutation: Armour fits poorly on your strangely shaped body. [potion of mutation]
  5171 | D:6      | Gained mutation: You expend magic power (3 MP) to strengthen your wands. [potion of mutation]
  5171 | D:6      | Gained mutation: You are robust. (+10% HP) [potion of mutation]
  5171 | D:6      | Gained mutation: You have sharp toenails. [potion of mutation]
  5194 | D:7      | Noticed Menkaure
  5200 | D:7      | Killed Menkaure
  5220 | D:6      | Reached skill level 4 in Shields
  5313 | D:7      | Reached skill level 4 in Armour
  5342 | D:7      | Noticed Pikel
  5369 | D:7      | Killed Pikel
  5369 | D:7      | Reached skill level 8 in Axes
  5369 | D:7      | Reached skill level 5 in Shields
  5369 | D:7      | Reached XP level 10. HP: 82/96 MP: 7/10
  5681 | D:7      | Found a shattered altar of Ashenzari.
  5681 | D:7      | Found a hide-covered altar of Uskayaw.
  5684 | D:7      | Found a shadowy altar of Dithmenos.
  5690 | D:7      | Found a stormy altar of Qazlal.
  5690 | D:7      | Found a shimmering altar of Xom.
  5815 | D:8      | Reached skill level 5 in Armour
  5834 | D:8      | HP: 9/96 [orc warrior/dire flail (5)]
  5953 | D:8      | Reached skill level 9 in Axes
  6063 | D:8      | Found a bloodstained altar of Trog.
  6066 | D:8      | Found an ornate altar of the Wu Jian Council.
  6067 | D:8      | Found a hazy altar of Hepliaklqana.
  6069 | D:8      | Found a glowing golden altar of the Shining One.
  6084 | D:8      | Reached skill level 6 in Shields
  6418 | D:8      | Found a staircase to the Lair.
  6795 | D:9      | Reached skill level 6 in Armour
  6808 | D:9      | Reached XP level 11. HP: 104/104 MP: 11/11
  7005 | D:9      | Noticed Erica
  7009 | D:9      | Reached skill level 12 in Fighting
  7026 | D:9      | Killed Erica
  7026 | D:9      | Reached skill level 10 in Axes
  7026 | D:9      | Reached skill level 7 in Shields
  7365 | D:9      | Noticed a two-headed ogre
  7389 | D:9      | Killed a two-headed ogre
  7549 | D:9      | Reached skill level 7 in Armour
  7681 | D:10     | Entered Level 10 of the Dungeon
  7846 | D:9      | Noticed a two-headed ogre
  8100 | D:9      | Killed a two-headed ogre
  8158 | D:10     | Reached skill level 8 in Shields
  8349 | D:10     | Noticed an orc high priest
  8355 | D:10     | Noticed a soul eater
  8355 | D:10     | Killed an orc high priest
  8355 | D:10     | Reached skill level 11 in Axes
  8368 | D:10     | Noticed a two-headed ogre
  8379 | D:10     | Killed a two-headed ogre
  8548 | D:10     | Reached XP level 12. HP: 111/113 MP: 12/12
  8559 | D:10     | Found a staircase to the Orcish Mines.
  8733 | D:10     | Reached skill level 8 in Armour
  8750 | D:10     | Noticed a two-headed ogre
  8758 | D:10     | Killed a two-headed ogre
  8758 | D:10     | Reached skill level 9 in Shields
  9168 | D:11     | Reached skill level 13 in Fighting
  9515 | D:11     | Reached skill level 12 in Axes
 10113 | D:12     | Found a frozen archway.
 10187 | IceCv    | Entered an ice cave
 10426 | IceCv    | Noticed grandjackal's ghost (journeyman DsFi)
 10442 | IceCv    | Killed grandjackal's ghost
 10442 | IceCv    | Reached skill level 9 in Armour
 10442 | IceCv    | Reached XP level 13. HP: 62/122 MP: 6/13
 10534 | IceCv    | Noticed an ice dragon
 10534 | IceCv    | Noticed an ice dragon
 10547 | IceCv    | Killed an ice dragon
 10548 | IceCv    | Killed an ice dragon
 10785 | IceCv    | Reached skill level 13 in Axes
 10961 | D:12     | Noticed Lucherd's ghost (journeyman FoFi)
 10975 | D:12     | Killed Lucherd's ghost
 11594 | Orc:1    | Entered Level 1 of the Orcish Mines
 11594 | Orc:1    | Noticed an orc warlord
 11680 | D:10     | HP: 1/123 [orc warlord/great mace of holy wrath (16)]
 12066 | Orc:2    | Entered Level 2 of the Orcish Mines
 12120 | Orc:1    | Reached skill level 14 in Fighting
 12215 | Orc:2    | Reached skill level 10 in Armour
 12242 | Orc:2    | Found a staircase to the Elven Halls.
 12331 | Orc:2    | Found a bloodstained altar of Trog.
 12437 | Orc:2    | HP: 7/124 [orc warrior/bolt (15)]
 12437 | Orc:2    | HP: 2/124 [orc warrior/bolt (5)]
 13032 | Orc:2    | Reached skill level 14 in Axes
 13042 | Orc:2    | Found Cunomn's Jewellery Boutique.
 13042 | Orc:2    | Found Soom's Antique Weapon Shoppe.
 13044 | Orc:2    | Found Osucrog's Distillery.
 13046 | Orc:2    | Found Usuen's Armour Shop.
 13056 | Orc:2    | Bought a potion of mutation for 112 gold pieces
 13056 | Orc:2    | Bought a potion of heal wounds for 70 gold pieces
 13056 | Orc:2    | Bought a potion of heal wounds for 70 gold pieces
 13061 | Orc:2    | Bought the +15 Maxwell's patent armour {-Cast -Tele rElec MR+ rCorr} for 1288 gold pieces
 13075 | Orc:2    | Bought a +5 ring of evasion for 660 gold pieces
 13616 | D:10     | Killed an orc warlord
 13616 | D:10     | Reached skill level 1 in Dodging
 13769 | Lair:1   | Entered Level 1 of the Lair of Beasts
 13940 | Lair:1   | Found a labyrinth entrance.
 13949 | Lab      | Entered a labyrinth
 14144 | Lab      | Noticed a minotaur
 14153 | Lab      | Killed a minotaur
 14153 | Lab      | Reached XP level 14. HP: 101/133 MP: 9/14
 14155 | Lab      | Got a faintly glowing lapis lazuli ring
 14158 | Lab      | Got an ichor-stained hand crossbow
 14174 | Lab      | Identified the ring of Hikhlinnia {rCorr rF++} (You took it off a minotaur in a labyrinth)
 14177 | Lab      | Lost mutation: You have sharp toenails. [potion of mutation]
 14177 | Lab      | Lost mutation: Armour fits poorly on your strangely shaped body. [potion of mutation]
 14177 | Lab      | Gained mutation: You are dopey. (Int -2) [potion of mutation]
 14177 | Lab      | Gained mutation: You are very robust. (+20% HP) [potion of mutation]
 14177 | Lab      | Gained mutation: Your system is resistant to poisons. (rPois) [potion of mutation]
 14177 | Lab      | Gained mutation: Your muscles are strong. (Str +2) [potion of mutation]
 14178 | Lab      | Lost mutation: You expend magic power (3 MP) to strengthen your wands. [potion of mutation]
 14178 | Lab      | Lost mutation: Your muscles are strong. (Str +2) [potion of mutation]
 14178 | Lab      | Lost mutation: You are very robust. (+20% HP) [potion of mutation]
 14178 | Lab      | Lost mutation: You are robust. (+10% HP) [potion of mutation]
 14178 | Lab      | Gained mutation: Your muscles are strong. (Str +2) [potion of mutation]
 14178 | Lab      | Gained mutation: You are partially covered in iridescent scales. (AC +2) [potion of mutation]
 14190 | Lab      | Identified the +5 hand crossbow "Killer Bee's Regret" {penet, rPois} (You took it off a minotaur in a labyrinth)
 14921 | Lair:2   | Found a staircase to the Swamp.
 14933 | Lair:2   | Reached skill level 2 in Dodging
 15290 | Lair:2   | Reached skill level 11 in Armour
 15659 | Lair:2   | Identified a scroll of acquirement
 15837 | Lair:3   | Reached skill level 3 in Dodging
 15840 | Lair:3   | Reached skill level 15 in Axes
 15857 | Lair:3   | Found a hole to the Spider Nest.
 16620 | Lair:4   | Noticed Snorg
 16634 | Lair:4   | Killed Snorg
 16707 | Lair:4   | Identified a +0 pair of boots of running (You found it on level 4 of the Lair of Beasts)
 17002 | Lair:4   | Reached skill level 15 in Fighting
 17326 | Lair:5   | Found a viscous altar of Jiyva.
 17327 | Lair:5   | Found a staircase to the Slime Pits.
 17470 | Lair:5   | Reached skill level 4 in Dodging
 17621 | Lair:5   | Noticed Kirke
 17641 | Lair:5   | Killed Kirke
 17641 | Lair:5   | Reached XP level 15. HP: 104/129 MP: 11/15
 18392 | Lair:6   | Entered Level 6 of the Lair of Beasts
 18483 | Lair:6   | Reached skill level 5 in Dodging
 18681 | Lair:6   | Identified the Almanac of the Glacier and the Voyage
 18692 | Lair:6   | Reached skill level 12 in Armour
 18840 | Lair:6   | Reached skill level 16 in Axes
 19165 | Lair:6   | Reached skill level 6 in Dodging
 19597 | Lair:6   | Got a dazzling halberd
 19598 | Lair:6   | Identified the cursed +1 halberd "Vehofowu" {drain, rF+} (You found it on level 6 of the Lair of Beasts)
 19722 | Lair:6   | Reached XP level 16. HP: 137/137 MP: 16/16
 20347 | D:13     | Got a smoking ring mail
 20426 | D:13     | Got a shimmering ring mail
 20862 | D:14     | Reached skill level 17 in Axes
 20864 | D:14     | Reached skill level 16 in Fighting
 20981 | D:14     | Found a gate to the Vaults.
 21160 | D:14     | Found a shadowy altar of Dithmenos.
 21694 | D:15     | Entered Level 15 of the Dungeon
 21709 | D:15     | Reached skill level 7 in Dodging
 21714 | D:15     | Reached skill level 13 in Armour
 21959 | D:15     | Found a staircase to the Depths.
 22215 | D:15     | Noticed Rupert
 22259 | D:15     | Killed Rupert
 22715 | Swamp:1  | Entered Level 1 of the Swamp
 23046 | Swamp:1  | Reached XP level 17. HP: 141/145 MP: 15/17
 23786 | Swamp:2  | Reached skill level 8 in Dodging
 24314 | Swamp:3  | Reached skill level 18 in Axes
 24501 | Swamp:3  | Noticed a thorn hunter
 24518 | Swamp:3  | Killed a thorn hunter
 25048 | Swamp:4  | Entered Level 4 of the Swamp
 25126 | Swamp:4  | Reached skill level 14 in Armour
 25218 | Swamp:4  | Noticed Bai Suzhen
 25288 | Swamp:4  | Noticed a thorn hunter
 25299 | Swamp:4  | Reached skill level 9 in Dodging
 25305 | Swamp:4  | Killed Bai Suzhen
 25305 | Swamp:4  | Reached skill level 17 in Fighting
 25305 | Swamp:4  | Killed a thorn hunter
 25390 | Swamp:4  | Reached XP level 18. HP: 145/154 MP: 16/18
 26088 | Swamp:4  | Got a decaying rune of Zot
 26313 | Swamp:4  | Got a flickering lead ring
 26315 | Swamp:4  | Identified the ring of Propriety {rF+ Int+4} (You acquired it on level 4 of the Swamp)
 26917 | Elf:1    | Entered Level 1 of the Elven Halls
 26971 | Elf:1    | Noticed a Brimstone Fiend
 26972 | Elf:1    | Reached skill level 19 in Axes
 27105 | Elf:1    | Cast into level 2 of the Abyss (war axe of distortion)
 27240 | Elf:1    | Escaped the Abyss
 27660 | Elf:1    | Reached skill level 10 in Dodging
 27760 | Elf:1    | Identified the Tome of Damage Dealing
 27871 | Elf:1    | Noticed Agnes
 27879 | Elf:1    | Killed Agnes
 28282 | Elf:2    | Found a radiant altar of Vehumet.
 28377 | Elf:2    | Found a runed gate.
 28377 | Elf:2    | Found a runed gate.
 28378 | Elf:2    | Found a runed gate.
 28397 | Elf:2    | Reached XP level 19. HP: 162/162 MP: 19/19
 28498 | Elf:2    | Reached skill level 15 in Armour
 28648 | Elf:2    | Found Boluet's Jewellery Shoppe.
 28653 | Elf:2    | Found Xunokk Cewo's Jewellery Shoppe.
 28654 | Elf:2    | Found Musyllo's Gadget Shop.
 28665 | Elf:2    | Bought the ring of Kanorec {MR+ Slay+3} for 713 gold pieces
 28671 | Elf:2    | Bought the amulet of Jiehiwk {Gourm Str+5 Slay+3 Stlth-} for 1174 gold pieces
 28707 | Elf:2    | You fall through a shaft!
 28707 | Elf:3    | Entered Level 3 of the Elven Halls
 29003 | Elf:2    | Found a portal to a secret trove of treasure.
 29065 | Elf:2    | Bought a bread ration for 105 gold pieces
 29065 | Elf:2    | Bought a potion of heal wounds for 105 gold pieces
 29065 | Elf:2    | Bought a potion of might for 84 gold pieces
 29069 | Elf:2    | Bought the +1 pair of gloves of Loatev {Dex+4} for 498 gold pieces
 29088 | Elf:2    | Bought a pair of spiked boots for 342 gold pieces
 29098 | Elf:2    | Identified the +2 pair of boots "Mooxuar" {Str+8 Int-5} (You bought it in a shop on level 2 of the Elven Halls)
 29098 | Elf:2    | Lost intelligence.
 29418 | Elf:2    | Reached skill level 20 in Axes
 29438 | Elf:2    | Reached skill level 18 in Fighting
 29834 | Elf:3    | Noticed an Ice Fiend
 29892 | Elf:3    | Noticed an Ice Fiend
 29895 | Elf:3    | Noticed an Ice Fiend
 29995 | Elf:3    | Reached skill level 10 in Shields
 30019 | Elf:3    | Noticed a deep elf blademaster
 30036 | Elf:2    | Killed a deep elf blademaster
 30152 | Elf:3    | Noticed a deep elf blademaster
 30172 | Elf:2    | Killed a deep elf blademaster
 30244 | Elf:3    | Reached XP level 20. HP: 170/171 MP: 18/20
 30442 | Elf:2    | Got a warped marble ring
 30446 | Elf:2    | Identified the ring of Qaacha {rPois rN+ Int+5} (You took it off a deep elf demonologist on level 2 of the Elven Halls)
 30661 | Elf:3    | Reached skill level 11 in Shields
 30828 | Elf:3    | Got a faintly glowing zirconium amulet
 30830 | Elf:3    | Identified the amulet of Menut {Spirit rC+} (You found it on level 3 of the Elven Halls)
 30839 | Elf:3    | Got a heavily jewelled robe
 31169 | Elf:3    | Noticed Roxanne
 31181 | Elf:3    | Killed Roxanne
 31262 | Elf:3    | Noticed Jorgrun
 31275 | Elf:3    | Killed Jorgrun
 31407 | Elf:3    | Found Oclui's Food Emporium.
 31411 | Elf:3    | Bought a meat ration for 70 gold pieces
 31411 | Elf:3    | Bought a royal jelly for 28 gold pieces
 31411 | Elf:3    | Bought 2 fruits for 42 gold pieces
 31411 | Elf:3    | Bought a bread ration for 70 gold pieces
 31411 | Elf:3    | Bought a fruit for 21 gold pieces
 31411 | Elf:3    | Bought 3 fruits for 63 gold pieces
 31411 | Elf:3    | Bought a royal jelly for 28 gold pieces
 31411 | Elf:3    | Bought a bread ration for 70 gold pieces
 31411 | Elf:3    | Bought a royal jelly for 28 gold pieces
 31411 | Elf:3    | Bought a meat ration for 70 gold pieces
 31411 | Elf:3    | Bought a royal jelly for 28 gold pieces
 31411 | Elf:3    | Bought a bread ration for 70 gold pieces
 31411 | Elf:3    | Bought a royal jelly for 28 gold pieces
 31612 | Elf:3    | Got scorched gold dragon scales
 31752 | Elf:3    | Identified the cursed +1 gold dragon scales "Qathinke" {*Drain rElec rPois rF+ rC+ Dex+3} (You took it off a deep elf blademaster on level 3 of the Elven Halls)
 31755 | Elf:3    | Upgraded the game from 0.20-a0-1114-g33edf32 to 0.20-a0-1116-gaa52201
 32045 | Spider:1 | Entered Level 1 of the Spider Nest
 32091 | Spider:1 | Reached skill level 21 in Axes
 32118 | Spider:1 | Reached skill level 16 in Armour
 32631 | Spider:1 | Reached skill level 12 in Shields
 32649 | Spider:1 | Identified the Compendium of Supportive Ice
 33741 | Spider:3 | Noticed Arachne
 33770 | Spider:3 | Killed Arachne
 33770 | Spider:3 | Reached XP level 21. HP: 160/179 MP: 16/21
 33841 | Spider:3 | Lost mutation: Your muscles are strong. (Str +2) [potion of mutation]
 33841 | Spider:3 | Lost mutation: Your system is resistant to poisons. (rPois) [potion of mutation]
 33841 | Spider:3 | Lost mutation: You are dopey. (Int -2) [potion of mutation]
 33841 | Spider:3 | Lost mutation: You are partially covered in iridescent scales. (AC +2) [potion of mutation]
 33841 | Spider:3 | Gained mutation: You are partially covered in molten scales. (AC +2) [potion of mutation]
 33841 | Spider:3 | Gained mutation: You have large cloven feet. [potion of mutation]
 33841 | Spider:3 | Gained mutation: You are resistant to hostile enchantments. (MR+) [potion of mutation]
 34022 | Spider:3 | Reached skill level 13 in Shields
 34538 | Spider:4 | Entered Level 4 of the Spider Nest
 34612 | Spider:4 | Reached skill level 19 in Fighting
 34901 | Spider:4 | Noticed Asterion
 34913 | Spider:4 | Killed Asterion
 35523 | Spider:4 | Reached skill level 14 in Shields
 35676 | Spider:4 | Got a gossamer rune of Zot
 36248 | Vaults:1 | Entered Level 1 of the Vaults
 36640 | Vaults:1 | Reached skill level 17 in Armour
 36649 | Vaults:1 | Reached skill level 15 in Shields
 36649 | Vaults:1 | Reached XP level 22. HP: 146/188 MP: 15/22
 36767 | Vaults:1 | Got a sparkling tin ring
 36771 | Vaults:1 | Got a bound marble ring
 36773 | Vaults:1 | Identified the ring of Huumoesehu {rF+ Stlth+} (You acquired it on level 1 of the Vaults)
 36775 | Vaults:1 | Identified the ring of the Thirsty Wishes {rPois rF+ Str+7 Dex+3 Stlth+} (You acquired it on level 1 of the Vaults)
 37500 | Vaults:2 | Found a staircase to the Crypt.
 37500 | Vaults:2 | Found an ancient bone altar of Kikubaaqudgha.
 37501 | Vaults:2 | Found a basalt altar of Yredelemnul.
 37538 | Vaults:2 | Found a flickering gateway to a bazaar.
 37544 | Bazaar   | Entered a bazaar
 37544 | Bazaar   | Found Vepuaff's Magic Scroll Boutique.
 37551 | Bazaar   | Found Felor's Gadget Shop.
 37576 | Bazaar   | Found Meploune's Magic Scroll Shop.
 37578 | Bazaar   | Bought a scroll of identify for 26 gold pieces
 37578 | Bazaar   | Bought a scroll of remove curse for 39 gold pieces
 37578 | Bazaar   | Bought a scroll of identify for 26 gold pieces
 37578 | Bazaar   | Bought a scroll of torment for 97 gold pieces
 37578 | Bazaar   | Bought a scroll of identify for 26 gold pieces
 37578 | Bazaar   | Bought a scroll of identify for 26 gold pieces
 37578 | Bazaar   | Bought a scroll of identify for 26 gold pieces
 37578 | Bazaar   | Bought a scroll of magic mapping for 45 gold pieces
 37578 | Bazaar   | Bought a scroll of identify for 26 gold pieces
 37578 | Bazaar   | Bought a scroll of identify for 26 gold pieces
 37583 | Bazaar   | Found Manakh's Antique Armour Shoppe.
 37584 | Bazaar   | Bought a scroll of identify for 24 gold pieces
 37584 | Bazaar   | Bought a scroll of identify for 24 gold pieces
 37584 | Bazaar   | Bought a scroll of summoning for 114 gold pieces
 37584 | Bazaar   | Bought a scroll of brand weapon for 240 gold pieces
 37584 | Bazaar   | Bought a scroll of acquirement for 624 gold pieces
 37584 | Bazaar   | Bought a scroll of enchant armour for 90 gold pieces
 37596 | Bazaar   | Found Ugunirei's Food Shop.
 37605 | Bazaar   | Bought a royal jelly for 22 gold pieces
 37605 | Bazaar   | Bought a bread ration for 55 gold pieces
 37605 | Bazaar   | Bought a royal jelly for 22 gold pieces
 37605 | Bazaar   | Bought a bread ration for 55 gold pieces
 37605 | Bazaar   | Bought a bread ration for 55 gold pieces
 37605 | Bazaar   | Bought a bread ration for 55 gold pieces
 37605 | Bazaar   | Bought 4 fruits for 66 gold pieces
 37605 | Bazaar   | Bought a royal jelly for 22 gold pieces
 37605 | Bazaar   | Bought 3 fruits for 49 gold pieces
 37605 | Bazaar   | Bought a royal jelly for 22 gold pieces
 37605 | Bazaar   | Bought a royal jelly for 22 gold pieces
 37605 | Bazaar   | Bought a royal jelly for 22 gold pieces
 37915 | Vaults:2 | Reached skill level 16 in Shields
 37961 | Vaults:2 | Got a pitted lapis lazuli ring
 37963 | Vaults:2 | Identified the ring "Jiath" {Str+2 Int+3 Dex+4} (You found it on level 2 of the Vaults)
 38966 | Vaults:3 | Noticed Mennas
 39007 | Vaults:3 | Killed Mennas
 39007 | Vaults:3 | Reached skill level 20 in Fighting
 39321 | Vaults:3 | Found Simel's Book Emporium.
 39550 | Vaults:3 | Reached XP level 23. HP: 191/196 MP: 23/23
 39891 | Vaults:3 | Reached skill level 22 in Axes
 40107 | Vaults:3 | Noticed Jory
 40145 | Vaults:3 | Killed Jory
 40284 | Vaults:4 | Reached skill level 18 in Armour
 40433 | Vaults:4 | Reached skill level 11 in Dodging
 40802 | Vaults:4 | Noticed Sojobo
 40835 | Vaults:4 | Killed Sojobo
 41048 | Vaults:4 | Reached skill level 21 in Fighting
 41186 | Vaults:4 | Found a gateway to a bazaar.
 41196 | Bazaar   | Entered a bazaar
 41197 | Bazaar   | Found Damoi's Jewellery Emporium.
 41199 | Bazaar   | Found Secyq's Weapon Shop.
 41236 | Bazaar   | Found Fefuffo's Food Shoppe.
 41244 | Bazaar   | Found Moaty's Book Boutique.
 41246 | Bazaar   | Bought a meat ration for 35 gold pieces
 41246 | Bazaar   | Bought a meat ration for 35 gold pieces
 41246 | Bazaar   | Bought a meat ration for 35 gold pieces
 41246 | Bazaar   | Bought a meat ration for 35 gold pieces
 41246 | Bazaar   | Bought a meat ration for 35 gold pieces
 41246 | Bazaar   | Bought a meat ration for 35 gold pieces
 41246 | Bazaar   | Bought a bread ration for 35 gold pieces
 41246 | Bazaar   | Bought a royal jelly for 14 gold pieces
 41246 | Bazaar   | Bought a bread ration for 35 gold pieces
 41324 | Vaults:5 | Entered Level 5 of the Vaults
 41355 | Vaults:5 | Reached XP level 24. HP: 208/208 MP: 22/23
 41373 | Vaults:5 | Noticed a golden dragon
 41431 | Vaults:5 | Killed a golden dragon
 41450 | Vaults:5 | Reached skill level 12 in Dodging
 41635 | Vaults:5 | Noticed a golden dragon
 41652 | Vaults:5 | Killed a golden dragon
 41652 | Vaults:5 | Reached skill level 22 in Fighting
 41654 | Vaults:5 | Reached skill level 19 in Armour
 41744 | Vaults:5 | Noticed a golden dragon
 41753 | Vaults:5 | Killed a golden dragon
 41812 | Vaults:5 | Found Imugafu's Food Shop.
 41825 | Vaults:5 | Bought a royal jelly for 28 gold pieces
 41825 | Vaults:5 | Bought a meat ration for 70 gold pieces
 41825 | Vaults:5 | Bought a royal jelly for 28 gold pieces
 41825 | Vaults:5 | Bought a bread ration for 70 gold pieces
 41825 | Vaults:5 | Bought a bread ration for 70 gold pieces
 41825 | Vaults:5 | Bought a bread ration for 70 gold pieces
 41825 | Vaults:5 | Bought a royal jelly for 28 gold pieces
 41825 | Vaults:5 | Bought a fruit for 21 gold pieces
 41825 | Vaults:5 | Bought 3 fruits for 63 gold pieces
 41825 | Vaults:5 | Bought a meat ration for 70 gold pieces
 41836 | Vaults:5 | Noticed a golden dragon
 41837 | Vaults:5 | Reached XP level 25. HP: 208/217 MP: 22/23
 42041 | Vaults:5 | Found Nastutoc's Distillery.
 42045 | Vaults:5 | Bought a potion of mutation for 176 gold pieces
 42045 | Vaults:5 | Bought a potion of mutation for 176 gold pieces
 42045 | Vaults:5 | Bought a potion of flight for 66 gold pieces
 42045 | Vaults:5 | Bought a potion of heal wounds for 110 gold pieces
 42075 | Vaults:5 | Found Rarch's Distillery.
 42079 | Vaults:5 | Bought a potion of heal wounds for 85 gold pieces
 42079 | Vaults:5 | Bought 3 potions of invisibility for 408 gold pieces
 42079 | Vaults:5 | Bought a potion of might for 68 gold pieces
 42208 | Vaults:5 | Got a silver rune of Zot
 42660 | Vaults:5 | Lost mutation: You are resistant to hostile enchantments. (MR+) [potion of mutation]
 42660 | Vaults:5 | Lost mutation: You are partially covered in molten scales. (AC +2) [potion of mutation]
 42660 | Vaults:5 | Lost mutation: You have large cloven feet. [potion of mutation]
 42660 | Vaults:5 | Gained mutation: You occasionally shout uncontrollably at your foes. [potion of mutation]
 42660 | Vaults:5 | Gained mutation: Your muscles are strong. (Str +2) [potion of mutation]
 42661 | Vaults:5 | Lost mutation: You occasionally shout uncontrollably at your foes. [potion of mutation]
 42661 | Vaults:5 | Lost mutation: Your muscles are strong. (Str +2) [potion of mutation]
 42661 | Vaults:5 | Gained mutation: You are agile. (Dex +2) [potion of mutation]
 42661 | Vaults:5 | Lost mutation: You are agile. (Dex +2) [potion of mutation]
 42661 | Vaults:5 | Gained mutation: You have an increased reservoir of magic. (+10% MP) [potion of mutation]
 43328 | Depths:1 | Entered Level 1 of the Depths
 43328 | Depths:1 | Found a one-way gate leading to the halls of Pandemonium.
 43336 | Depths:1 | Found Fazuv's Antique Weapon Shoppe.
 43336 | Depths:1 | Found Afoafa's Food Emporium.
 43342 | Depths:1 | Found Etamomn's Jewellery Shoppe.
 43350 | Depths:1 | Found Wisoivisch's Assorted Antiques.
 43364 | Depths:1 | Bought the ring "Ecliosut" {MR+ Slay+5} for 848 gold pieces
 43376 | Depths:1 | Bought a bread ration for 70 gold pieces
 43376 | Depths:1 | Bought a bread ration for 70 gold pieces
 43376 | Depths:1 | Bought a bread ration for 70 gold pieces
 43376 | Depths:1 | Bought a royal jelly for 28 gold pieces
 43376 | Depths:1 | Bought a bread ration for 70 gold pieces
 43376 | Depths:1 | Bought a bread ration for 70 gold pieces
 43376 | Depths:1 | Bought a royal jelly for 28 gold pieces
 43376 | Depths:1 | Bought a royal jelly for 28 gold pieces
 43376 | Depths:1 | Bought a bread ration for 70 gold pieces
 43376 | Depths:1 | Bought a royal jelly for 28 gold pieces
 43376 | Depths:1 | Bought a bread ration for 70 gold pieces
 43376 | Depths:1 | Bought a royal jelly for 28 gold pieces
 43376 | Depths:1 | Bought a bread ration for 70 gold pieces
 43376 | Depths:1 | Bought a meat ration for 70 gold pieces
 43379 | Depths:1 | Bought a scroll of identify for 54 gold pieces
 43379 | Depths:1 | Bought a scroll of identify for 54 gold pieces
 43379 | Depths:1 | Bought a scroll of identify for 54 gold pieces
 43397 | Depths:1 | Reached skill level 23 in Axes
 43556 | Depths:1 | Lost mutation: You have an increased reservoir of magic. (+10% MP) [potion of mutation]
 43556 | Depths:1 | Gained mutation: Scrolls take you a little longer to read. [potion of mutation]
 43556 | Depths:1 | Gained mutation: You are agile. (Dex +2) [potion of mutation]
 43556 | Depths:1 | Gained mutation: You are partially covered in rugged brown scales. (AC +1, +3% HP) [potion of mutation]
 43573 | Depths:1 | Noticed Aizul
 43578 | Depths:1 | Killed Aizul
 43578 | Depths:1 | Reached skill level 13 in Dodging
 43617 | Depths:1 | Found Ydacea's Island Escapes.
 43710 | Depths:1 | Found Ypletea's Armour Emporium.
 43970 | Depths:1 | Reached skill level 23 in Fighting
 44178 | Depths:1 | Found a gateway to Hell.
 44338 | Depths:1 | Bought 2 potions of flight for 96 gold pieces
 44338 | Depths:1 | Bought a potion of flight for 48 gold pieces
 44338 | Depths:1 | Bought a potion of invisibility for 128 gold pieces
 44481 | Depths:2 | Reached XP level 26. HP: 234/234 MP: 23/23
 44568 | Depths:2 | Noticed Nikola
 44580 | Depths:2 | Killed Nikola
 45060 | Depths:2 | Reached skill level 20 in Armour
 45842 | Depths:3 | Noticed Saint Roka
 45863 | Depths:3 | Killed Saint Roka
 45889 | Depths:3 | Found a gateway to a ziggurat.
 46247 | Depths:3 | Noticed Margery
 46255 | Depths:3 | Killed Margery
 46439 | Depths:3 | Reached skill level 24 in Axes
 46445 | Depths:3 | Reached skill level 14 in Dodging
 46600 | Depths:3 | Found a one-way gate to the infinite horrors of the Abyss.
 46943 | Depths:4 | Reached XP level 27. HP: 228/243 MP: 17/23
 47137 | Depths:4 | Noticed Xtahua
 47147 | Depths:4 | Killed Xtahua
 48027 | Depths:5 | Entered Level 5 of the Depths
 48106 | Depths:5 | Found a huge runed gate.
 48106 | Depths:5 | Found a huge runed gate.
 48106 | Depths:5 | Found a huge runed gate.
 48110 | Depths:5 | Found a huge runed gate.
 48110 | Depths:5 | Found a huge runed gate.
 48111 | Depths:5 | Found a huge runed gate.
 48111 | Depths:5 | Found a huge runed gate.
 48111 | Depths:5 | Found a huge runed gate.
 48111 | Depths:5 | Found a huge runed gate.
 48136 | Depths:5 | Found a magical portal.
 48145 | WizLab   | Entered The Roulette of Golubria
 48150 | WizLab   | Found a corrupted altar of Lugonu.
 48219 | WizLab   | Found a corrupted altar of Lugonu.
 48254 | WizLab   | Reached skill level 24 in Fighting
 48277 | WizLab   | Found a corrupted altar of Lugonu.
 48777 | WizLab   | Identified Golubria's Incunabulum of Orientation
 48797 | WizLab   | Reached skill level 1 in Evocations
 49124 | WizLab   | Identified Golubria's Grimoire of the Voyage
 49141 | WizLab   | Reached skill level 2 in Evocations
 49329 | Depths:5 | Reached skill level 3 in Evocations
 49505 | Depths:5 | Reached skill level 4 in Evocations
 49654 | Depths:5 | Reached skill level 21 in Armour
 49713 | Depths:5 | Reached skill level 5 in Evocations
 49754 | Depths:5 | Got a faintly humming robe
 50131 | Depths:5 | Reached skill level 25 in Axes
 50464 | Depths:5 | Reached skill level 15 in Dodging
 50498 | Depths:5 | Reached skill level 6 in Evocations
 50581 | Depths:5 | Found a gate to the Realm of Zot.
 50925 | Zot:1    | Entered Level 1 of the Realm of Zot
 50993 | Zot:1    | Reached skill level 7 in Evocations
 51688 | Zot:1    | Reached skill level 8 in Evocations
 52020 | Zot:2    | Reached skill level 9 in Evocations
 52385 | Zot:2    | Reached skill level 10 in Evocations
 53210 | Zot:3    | Reached skill level 11 in Evocations
 53809 | Zot:4    | Reached skill level 26 in Axes
 53921 | Zot:4    | Reached skill level 16 in Dodging
 53952 | Zot:4    | Reached skill level 12 in Evocations
 53997 | Zot:4    | Got a crude amber ring
 54354 | Zot:4    | Bought a scroll of identify for 36 gold pieces
 54358 | Zot:4    | Bought a potion of invisibility for 176 gold pieces
 54358 | Zot:4    | Bought a potion of invisibility for 176 gold pieces
 54358 | Zot:4    | Bought a potion of flight for 66 gold pieces
 54358 | Zot:4    | Bought a potion of flight for 66 gold pieces
 54358 | Zot:4    | Bought a potion of resistance for 220 gold pieces
 54358 | Zot:4    | Bought a potion of resistance for 220 gold pieces
 55133 | Elf:2    | You paid a toll of 4 potions of resistance to enter a treasure trove
 55134 | Trove    | Entered a treasure trove
 55140 | Trove    | Identified Wesuhoul's Guide on Lucky Dark Magic
 55204 | Trove    | Identified Zoxejys's Almanac of Moulding and Conjuration
 55209 | Trove    | Identified the ring "Jehitoidun" {rPois rC+ Dex-3 SInv} (You found it on level 4 of the Realm of Zot)
 55484 | Depths:3 | Reached skill level 1 in Stealth
 55752 | Zot:5    | Entered Level 5 of the Realm of Zot
 55752 | Zot:5    | Noticed an orb of fire
 55752 | Zot:5    | Noticed an orb of fire
 55754 | Zot:5    | Noticed an orb of fire
 55756 | Zot:5    | Reached skill level 25 in Fighting
 55756 | Zot:5    | Reached skill level 2 in Stealth
 55758 | Zot:5    | Noticed an orb of fire
 55765 | Zot:5    | Gained mutation: Your magical capacity is low. (-10% MP) [an orb of fire]
 55766 | Zot:5    | Gained mutation: Scrolls take you longer to read. [an orb of fire]
 55769 | Zot:5    | Reached skill level 3 in Stealth
 55774 | Zot:5    | HP: 4/249 [orb of fire/fireball (34)]
 55779 | Zot:5    | Killed from afar by an orb of fire

Vault maps used:
D:1:      eino_arrival_cavern_a
D:3:      first_bread
D:4:      kennysheep_slugbush, lemuel_zombie_altar_yredelemnul,
          minmay_temple_entry_mist, hangedman_decor_lopped, corner_web_ring,
          dk_vineyard_1, minmay_gold_behind_fungi
D:5:      lemuel_coloured_pillars_altar, serial_shops, kennysheep_little_box,
          shop, serial_glass, glass_columns_a, glass_columns_b, basic_altar
D:6:      uniq_grinder
D:7:      minitemple, kennysheep_mini_moat, uniq_pikel, uniq_menkaure
D:8:      grunt_temple_overflow_open, minmay_lair_entry_lava, the_bakery,
          minmay_orc_keep
D:9:      kennysheep_generic_room_9, uniq_erica
D:10:     hiddenorc1_lemuel
D:12:     serial_ice, serial_ice_n, serial_ice_b, serial_ice_a, serial_ice_f,
          portal_ice_cave_demonic_guard
D:14:     grunt_vaults_entry_tiered, minmay_misc_feat_pillars,
          grunt_dithmenos_shadows
D:15:     grunt_enter_depths_hoard, nrook_uturn, uniq_rupert
Temple:   jpeg_temple_clearing
Lair:1:   lab_entry_generic
Lair:2:   minmay_swamp_entry_swarm, minmay_another_anthill
Lair:3:   spider_nest_entry_a, grunt_megastairs_3
Lair:4:   infiniplex_staircase_pool_2, uniq_snorg
Lair:5:   minmay_lair_venomous_thicket, slime_altar_1, minivault_26, uniq_kirke
Lair:6:   minmay_lair_end_enchanted_forest, minivault_23,
          minmay_lair_oklob_chamber
Swamp:1:  evilmike_swamp_ruin_house_1
Swamp:2:  nicolae_swamp_feature_on_the_river_bank
Swamp:3:  serial_swamp_ruin, evilmike_swamp_ruin_rubble_2,
          hangedman_swamp_ruin_wall, evilmike_swamp_ruin_rubble_1
Swamp:4:  swamp, uniq_bai_suzhen
Spider:1: spider_trap
Spider:2: nicolae_crawler_farm
Spider:3: spiders_nest_hornet_nest, uniq_arachne
Spider:4: spider_rune_water, nicolae_spider_webs_and_nodes, spider_trap,
          nicolae_spider_shape, uniq_asterion
Orc:2:    st_orc_rangers, basic_altar, nicolae_orc_rich_vein
Elf:1:    minmay_elf_arrival_summoners, minmay_elf_annihilation, uniq_agnes
Elf:2:    basic_altar, nicolae_trove_entry_path_of_doom, minmay_shop_grove
Elf:3:    minmay_elf_hall_not_hex, serial_shops, shop, uniq_jorgrun,
          uniq_roxanne
Vaults:1: v_misc_24, dpeg_vaults_monster_box, nicolae_vaults_network_square,
          hangedman_vaults_nails, vaults_mumra_hexcomb, v_misc_19,
          nicolae_vaults_yaktaur_gun_rack, nicolae_vaults_little_squares_2,
          hangedman_vaults_impose, vaults_mumra_minichess_inversion, v_misc_14,
          nicolae_vaults_shelves_hall, grunt_vaults_diagonal,
          nicolae_vaults_diagonal_hallway_8
Vaults:2: minmay_crypt_entry_necro_gods, st_hourglassy, v_misc_29, v_misc_27,
          hangedman_vaults_stream, v_misc_30, vaults_mumra_chevron, v_misc_33,
          nicolae_vaults_rhombus_7, grunt_vaults_swirl, vaults_room_fancy_cross,
          ontoclasm_vaults_ring_small, serial_ice_m, serial_shops,
          bzr_entry_safe
Vaults:3: nicolae_vaults_angled_halls, hangedman_vaults_hat,
          hangedman_vaults_slither, nicolae_vaults_little_squares_4,
          ontoclasm_vaults_hangar, v_misc_23, grunt_vaults_trifunnel,
          grunt_vaults_twisty, st_more_cells, nicolae_vaults_diagonal_hallway_6,
          vaults_mumra_lcd, v_misc_1, ontoclasm_vaults_chip, v_misc_15,
          nicolae_vaults_little_squares_3, serial_shops,
          nicolae_shop_temple_entry_statues_fountains, uniq_mennas, uniq_jory
Vaults:4: nicolae_vaults_quadrants, v_misc_17, hangedman_vaults_river_flow,
          grunt_vaults_hallway_long, vaults_room_fours, hangedman_vaults_pinch,
          hangedman_vaults_restitches, grunt_vaults_focal, v_misc_3, v_misc_12,
          serial_shops, freezing_bzr, uniq_sojobo
Depths:1: pan_entry, serial_shops, nicolae_shop_waterfront, glass_columns_c,
          hell_entry, nicolae_island_escapes, serial_bayou_shore_b,
          kennysheep_random_hallway, serial_bayou_shore_a, serial_bayou_shore_b,
          minmay_shoptagon, uniq_aizul
Depths:2: kb_forest_paths, minmay_crystal_water, serial_column_ruins,
          column_ruins_portal_hut, column_ruins_hut_pillars,
          column_ruins_open_medium, column_ruins_columns_corner,
          column_ruins_open_large, column_ruins_columns_dead_end,
          column_ruins_grid_1, column_ruins_open_small, grunt_mini_vestibule,
          uniq_nikola
Depths:3: lemuel_firewalk_3, enter_ziggurat_a, hell_entry,
          hangedman_abyss_entry_splay, pan_entry,
          hangedman_abyss_or_decor_lesser_grid, minmay_misc_feat_rows,
          infiniplex_staircase_pillars_2, uniq_margery, uniq_saint_roka
Depths:4: minmay_dotted_concentric_squares, marbit_kobold_abyss_entry,
          hell_entry, kennysheep_donut, grunt_pan_entry_in_and_out,
          infiniplex_staircase_river, uniq_xtahua
Depths:5: lemuel_castle_with_subvaults, pan_entry, hell_entry,
          mu_enter_wizlab_3, not_door_vault_mu, minmay_serpent_palace
Zot:1:    lemuel_flame_loot_1
Zot:2:    evilmike_ambush, grunt_megastairs_1
Zot:4:    grunt_megastairs_5
Zot:5:    lemuel_lake_of_fire
Abyss:2:  hangedman_classic_abyss_death, evilmike_abyss_exit_glass
Lab:      labyrinth_spiral
Bazaar:   bazaar_kb_twisted_cavern, bazaar_jpeg_ribbon
Trove:    trove_books_scrolls
IceCv:    ice_cave_small_dragons
WizLab:   wizlab_golubria

Skill      XL: |  1  2  3  4  5  6  7  8  9 10 11 12 13 14 15 16 17 18 19 20 21 22 23 24 25 26 27 |
---------------+----------------------------------------------------------------------------------+-----
Fighting       | 4 5 6 7 8 9 11 12 13 14 15 16 17 18 19 20 21 22 23 25 | 25.0
Axes           | 3 4 5 6 8 9 11 12 14 15 16 17 18 19 20 21 22 23 24 26 | 26.3
Shields        | 5 6 8 9 10 12 15 16 | 16.9
Armour         | 4 6 7 9 10 11 12 13 14 15 16 17 18 19 20 21 | 21.9
Dodging        | 1 4 6 7 9 10 11 12 13 14 16 | 16.2
Evocations     | 12 | 12.5
Stealth        | 3 |  3.0

Action                   |  1- 3 |  4- 6 |  7- 9 | 10-12 | 13-15 | 16-18 | 19-21 | 22-24 | 25-27 || total
-------------------------+-------+-------+-------+-------+-------+-------+-------+-------+-------++-------
Melee: War axe           |   113 |   157 |   346 |   766 |   479 |       |       |       |       ||  1861
       Executioner's axe |       |       |       |       |   506 |   987 |  1020 |   916 |  1690 ||  5119
Invok: Potion Petition   |       |       |       |       |     1 |       |       |       |       ||     1
       Call Merchant     |       |       |       |       |       |       |     4 |       |     5 ||     9
 Abil: Dig               |       |       |     1 |       |       |     1 |     6 |       |    14 ||    22
       Evoke Flight      |       |       |       |       |     1 |       |       |       |     3 ||     4
       Shaft Self        |       |       |       |       |       |       |     1 |       |       ||     1
  Use: Scroll            |       |     6 |    12 |     5 |    19 |    11 |    10 |    13 |    13 ||    89
       Potion            |       |       |     1 |     3 |     8 |     1 |     1 |     2 |    13 ||    29
 Stab: Distracted        |       |       |       |     2 |    12 |     6 |    11 |    16 |    40 ||    87
       Invisible         |       |       |       |       |     3 |       |       |       |       ||     3
       Confused          |       |       |       |       |       |       |       |       |     1 ||     1
  Eat: Chunk             |     1 |     5 |     2 |       |       |       |       |       |       ||     8
       Royal jelly       |       |       |     3 |     4 |     3 |    11 |    10 |     5 |     6 ||    42
       Fruit             |       |       |     6 |     8 |     6 |       |     6 |       |     1 ||    27
       Meat ration       |       |       |       |     1 |     4 |     1 |     3 |     1 |     3 ||    13
       Bread ration      |       |       |       |       |       |       |       |       |     6 ||     6
Armor: Scale mail        |    52 |    16 |       |       |       |       |       |       |       ||    68
       Chain mail        |       |    69 |    46 |       |       |       |       |       |       ||   115
       Plate armour      |       |       |   146 |   270 |   611 |   529 |   394 |   222 |   370 ||  2542
Dodge: Dodged            |    33 |    42 |    64 |   151 |   569 |   589 |   511 |   250 |   542 ||  2751
Block: Shield            |    63 |    71 |   181 |   418 |   738 |   538 |       |       |       ||  2009
       Large shield      |       |       |       |       |       |   179 |  1113 |  1016 |  2027 ||  4335

Vault maps used:
D:1:      eino_arrival_cavern_a
D:3:      first_bread
D:4:      kennysheep_slugbush, lemuel_zombie_altar_yredelemnul,
          minmay_temple_entry_mist, hangedman_decor_lopped, corner_web_ring,
          dk_vineyard_1, minmay_gold_behind_fungi
D:5:      lemuel_coloured_pillars_altar, serial_shops, kennysheep_little_box,
          shop, serial_glass, glass_columns_a, glass_columns_b, basic_altar
D:6:      uniq_grinder
D:7:      minitemple, kennysheep_mini_moat, uniq_pikel, uniq_menkaure
D:8:      grunt_temple_overflow_open, minmay_lair_entry_lava, the_bakery,
          minmay_orc_keep
D:9:      kennysheep_generic_room_9, uniq_erica
D:10:     hiddenorc1_lemuel
D:12:     serial_ice, serial_ice_n, serial_ice_b, serial_ice_a, serial_ice_f,
          portal_ice_cave_demonic_guard
D:14:     grunt_vaults_entry_tiered, minmay_misc_feat_pillars,
          grunt_dithmenos_shadows
D:15:     grunt_enter_depths_hoard, nrook_uturn, uniq_rupert
Temple:   jpeg_temple_clearing
Lair:1:   lab_entry_generic
Lair:2:   minmay_swamp_entry_swarm, minmay_another_anthill
Lair:3:   spider_nest_entry_a, grunt_megastairs_3
Lair:4:   infiniplex_staircase_pool_2, uniq_snorg
Lair:5:   minmay_lair_venomous_thicket, slime_altar_1, minivault_26, uniq_kirke
Lair:6:   minmay_lair_end_enchanted_forest, minivault_23,
          minmay_lair_oklob_chamber
Swamp:1:  evilmike_swamp_ruin_house_1
Swamp:2:  nicolae_swamp_feature_on_the_river_bank
Swamp:3:  serial_swamp_ruin, evilmike_swamp_ruin_rubble_2,
          hangedman_swamp_ruin_wall, evilmike_swamp_ruin_rubble_1
Swamp:4:  swamp, uniq_bai_suzhen
Spider:1: spider_trap
Spider:2: nicolae_crawler_farm
Spider:3: spiders_nest_hornet_nest, uniq_arachne
Spider:4: spider_rune_water, nicolae_spider_webs_and_nodes, spider_trap,
          nicolae_spider_shape, uniq_asterion
Orc:2:    st_orc_rangers, basic_altar, nicolae_orc_rich_vein
Elf:1:    minmay_elf_arrival_summoners, minmay_elf_annihilation, uniq_agnes
Elf:2:    basic_altar, nicolae_trove_entry_path_of_doom, minmay_shop_grove
Elf:3:    minmay_elf_hall_not_hex, serial_shops, shop, uniq_jorgrun,
          uniq_roxanne
Vaults:1: v_misc_24, dpeg_vaults_monster_box, nicolae_vaults_network_square,
          hangedman_vaults_nails, vaults_mumra_hexcomb, v_misc_19,
          nicolae_vaults_yaktaur_gun_rack, nicolae_vaults_little_squares_2,
          hangedman_vaults_impose, vaults_mumra_minichess_inversion, v_misc_14,
          nicolae_vaults_shelves_hall, grunt_vaults_diagonal,
          nicolae_vaults_diagonal_hallway_8
Vaults:2: minmay_crypt_entry_necro_gods, st_hourglassy, v_misc_29, v_misc_27,
          hangedman_vaults_stream, v_misc_30, vaults_mumra_chevron, v_misc_33,
          nicolae_vaults_rhombus_7, grunt_vaults_swirl, vaults_room_fancy_cross,
          ontoclasm_vaults_ring_small, serial_ice_m, serial_shops,
          bzr_entry_safe
Vaults:3: nicolae_vaults_angled_halls, hangedman_vaults_hat,
          hangedman_vaults_slither, nicolae_vaults_little_squares_4,
          ontoclasm_vaults_hangar, v_misc_23, grunt_vaults_trifunnel,
          grunt_vaults_twisty, st_more_cells, nicolae_vaults_diagonal_hallway_6,
          vaults_mumra_lcd, v_misc_1, ontoclasm_vaults_chip, v_misc_15,
          nicolae_vaults_little_squares_3, serial_shops,
          nicolae_shop_temple_entry_statues_fountains, uniq_mennas, uniq_jory
Vaults:4: nicolae_vaults_quadrants, v_misc_17, hangedman_vaults_river_flow,
          grunt_vaults_hallway_long, vaults_room_fours, hangedman_vaults_pinch,
          hangedman_vaults_restitches, grunt_vaults_focal, v_misc_3, v_misc_12,
          serial_shops, freezing_bzr, uniq_sojobo
Depths:1: pan_entry, serial_shops, nicolae_shop_waterfront, glass_columns_c,
          hell_entry, nicolae_island_escapes, serial_bayou_shore_b,
          kennysheep_random_hallway, serial_bayou_shore_a, serial_bayou_shore_b,
          minmay_shoptagon, uniq_aizul
Depths:2: kb_forest_paths, minmay_crystal_water, serial_column_ruins,
          column_ruins_portal_hut, column_ruins_hut_pillars,
          column_ruins_open_medium, column_ruins_columns_corner,
          column_ruins_open_large, column_ruins_columns_dead_end,
          column_ruins_grid_1, column_ruins_open_small, grunt_mini_vestibule,
          uniq_nikola
Depths:3: lemuel_firewalk_3, enter_ziggurat_a, hell_entry,
          hangedman_abyss_entry_splay, pan_entry,
          hangedman_abyss_or_decor_lesser_grid, minmay_misc_feat_rows,
          infiniplex_staircase_pillars_2, uniq_margery, uniq_saint_roka
Depths:4: minmay_dotted_concentric_squares, marbit_kobold_abyss_entry,
          hell_entry, kennysheep_donut, grunt_pan_entry_in_and_out,
          infiniplex_staircase_river, uniq_xtahua
Depths:5: lemuel_castle_with_subvaults, pan_entry, hell_entry,
          mu_enter_wizlab_3, not_door_vault_mu, minmay_serpent_palace
Zot:1:    lemuel_flame_loot_1
Zot:2:    evilmike_ambush, grunt_megastairs_1
Zot:4:    grunt_megastairs_5
Zot:5:    lemuel_lake_of_fire
Abyss:2:  hangedman_classic_abyss_death, evilmike_abyss_exit_glass
Lab:      labyrinth_spiral
Bazaar:   bazaar_kb_twisted_cavern, bazaar_jpeg_ribbon
Trove:    trove_books_scrolls
IceCv:    ice_cave_small_dragons
WizLab:   wizlab_golubria

Table legend:
 A = Turns spent in this place as a percentage of turns spent in the entire game.
 B = Non-inter-level travel turns spent in this place as a percentage of non-inter-level travel turns spent in the entire game.
 C = Inter-level travel turns spent in this place as a percentage of turns spent in this place.
 D = Turns resting spent in this place as a percentage of non-inter-level travel turns spent in this place.
 E = Turns spent auto-exploring this place as a percentage of non-inter-level travel turns spent in this place.
 F = Non-inter-level travel turns spent in this place divided by the number of levels of this place that you've seen.
                   A       B       C       D       E      F
               +-------+-------+-------+-------+-------+----------------------
         Total | 100.0 | 100.0 |   0.3 |   0.4 |   5.7 | 449.2
       Dungeon |  21.7 |  21.6 |   0.5 |   0.6 |   9.5 | 375.5
        Temple |   0.3 |   0.3 |   0.0 |   0.0 |   0.0 |  90.0
          Lair |   9.1 |   9.1 |   0.3 |   0.3 |   5.8 | 396.7
         Swamp |   7.5 |   7.5 |   0.6 |   0.3 |   5.7 | 488.5
   Spider Nest |   7.3 |   7.3 |   0.3 |   0.3 |   4.1 | 475.2
  Orcish Mines |   3.8 |   3.8 |   0.1 |   1.7 |   1.7 | 497.5
   Elven Halls |  11.3 |  11.3 |   0.3 |   0.9 |   3.0 | 979.0
        Vaults |  12.4 |  12.4 |   0.2 |   0.2 |   5.7 | 647.2
        Depths |  13.9 |  13.9 |   0.3 |   0.1 |   5.1 | 722.2
           Zot |   5.4 |   5.4 |   0.3 |   0.0 |   8.0 | 280.2
         Abyss |   0.5 |   0.5 |   0.0 |   0.0 |   0.0 |  64.5
     Labyrinth |   1.0 |   1.0 |   0.0 |   0.0 |   0.0 | 263.0
        Bazaar |   0.8 |   0.9 |   0.0 |   0.0 |   0.0 | 111.0
         Trove |   0.3 |   0.3 |   0.0 |   0.0 |   0.0 |  87.0
      Ice Cave |   1.3 |   1.3 |   0.0 |   3.0 |   0.0 | 328.0
        Wizlab |   3.4 |   3.4 |   0.0 |   0.0 |   4.2 | 885.0
               +-------+-------+-------+-------+-------+----------------------

Table legend:
 A = Kills in this place as a percentage of kills in entire the game.
 B = Kills by you in this place as a percentage of kills by you in the entire game.
 C = Kills by friends in this place as a percentage of kills by friends in the entire game.
 D = Other kills in this place as a percentage of other kills in the entire game.
 E = Experience gained in this place as a percentage of experience gained in the entire game.
 F = Experience gained in this place divided by the number of levels of this place that you have seen.
                   A       B       C       D       E      F
               +-------+-------+-------+-------+-------+----------------------
         Total | 100.0 | 100.0 |  -nan | 100.0 | 100.0 | 26181.2
       Dungeon |  19.5 |  19.9 |  -nan |   0.0 |   4.1 | 4198.5
          Lair |  10.6 |  10.8 |  -nan |   0.0 |   4.4 | 11011.7
         Swamp |   6.1 |   6.2 |  -nan |   2.4 |   5.0 | 18991.2
   Spider Nest |   8.4 |   8.4 |  -nan |   4.9 |   6.3 | 23868.8
  Orcish Mines |   3.0 |   3.0 |  -nan |   0.0 |   0.5 | 4115.0
   Elven Halls |   7.4 |   6.4 |  -nan |  65.9 |  10.0 | 50454.3
        Vaults |  19.1 |  19.2 |  -nan |   9.8 |  25.8 | 78242.2
        Depths |  17.3 |  17.4 |  -nan |   9.8 |  24.5 | 74451.4
           Zot |   6.1 |   6.1 |  -nan |   4.9 |  17.4 | 52920.4
         Abyss |   0.2 |   0.2 |  -nan |   0.0 |   0.3 | 2505.5
     Labyrinth |   0.0 |   0.0 |  -nan |   0.0 |   0.1 | 1018.0
      Ice Cave |   0.8 |   0.9 |  -nan |   0.0 |   0.4 | 6442.0
        Wizlab |   1.4 |   1.4 |  -nan |   2.4 |   1.2 | 17887.0
               +-------+-------+-------+-------+-------+----------------------
